 Dungeon Crawl Stone Soup version 0.31.0-11-ge490571c62 (webtiles) character file.

Game seed: 8098741597307942400

186 qw the Skirmisher (level 5, -1/29 HPs)
             Began as a Deep Elf Hunter on Feb 3, 2024.
             Slain by an orc priest
             ... wielding a +0 flail
              (7 damage)
             ... on level 3 of the Dungeon.
             The game lasted 00:00:08 (1725 turns).

qw the Skirmisher (Deep Elf Hunter)                 Turns: 1725, Time: 00:00:08

Health: -1/29      AC:  6    Str: 12    XL:     5   Next: 38%
Magic:  7/7        EV: 13    Int: 14    God:
Gold:   119        SH:  0    Dex: 18    Spells: 4/4 levels left

rFire   . . .        a - +0 shortbow
rCold   . . .        (shield currently unavailable)
rNeg    . . .        c - +0 leather armour
rPois   +            (no helmet)
rElec   .            j - +2 cloak "Sistias" {rPois rCorr Str+2}
rCorr   +            (no gloves)
SInv    .            (no boots)
Will    .....        (no amulet)
Stlth   ++           (no ring)
HPRegen 0.24/turn    (no ring)
MPRegen 0.10/turn

%: clarity
@: no status effects
A: clarity, MP-powered wands
a: no special abilities


You were on level 3 of the Dungeon.
You visited 1 branch of the dungeon, and saw 3 of its levels.

You collected 119 gold pieces.


Innate Abilities, Weirdness & Mutations

You possess an exceptional clarity of mind.
You expend magic power (3 MP) to strengthen your wands.


   Skills:
 - Level 1.5 Fighting
 + Level 8.6 Ranged Weapons
 - Level 3.1 Dodging
 - Level 1.2 Stealth


You had 4 spell levels left.
You didn't know any spells.
Your spell library was empty.

Inventory:

Hand Weapons
 a - a +0 shortbow (weapon)
Armour
 c - a +0 leather armour (worn)
 i - a +0 ring mail
 j - the +2 cloak "Sistias" (worn) {rPois rCorr Str+2}
   (You found it on level 2 of the Dungeon)

   Str+2:     It affects your strength (+2).
   rPois:     It protects you from poison rCorr: It protects you from acid and
   corrosion.
Jewellery
 g - a ring of ice
 l - an amulet of guardian spirit
Scrolls
 k - a scroll of fog {unknown}
Potions
 b - a potion of berserk rage {unknown}
 d - a potion of magic {unknown}
 e - a potion of attraction {unknown}
 f - a potion of enlightenment
 h - a potion of curing {unknown}

Dungeon Overview and Level Annotations

Branches:
Dungeon (3/15)

Altars:
Ru
Xom


Message History

You kill the rat!
You shoot an arrow.
The arrow closely misses the orc priest.
The orc priest hits you with a +0 flail.
You shoot an arrow.
The arrow hits the orc priest but does no damage.
The orc priest closely misses you.
You shoot an arrow.
The arrow closely misses the orc priest.
The orc priest hits you with a +0 flail.
You shoot an arrow.
The arrow hits the orc priest but does no damage.
The orc priest closely misses you.
You shoot an arrow. The arrow barely misses the orc priest.
The orc priest closely misses you.
You shoot an arrow.
The arrow hits the orc priest but does no damage.
The orc priest hits you but does no damage.
You shoot an arrow. The arrow barely misses the orc priest.
The orc priest closely misses you.
You shoot an arrow. The arrow hits the orc priest.
The orc priest is lightly wounded.
The orc priest misses you.
You shoot an arrow.
The arrow hits the orc priest but does no damage.
The orc priest is lightly wounded.
You hear a shout!
The orc priest hits you with a +0 flail.
You shoot an arrow. The arrow barely misses the orc priest.
The orc priest misses you.
An orc comes into view. It is wielding a +0 club.
You shoot an arrow. The arrow hits the orc priest.
The orc priest is moderately wounded.
The orc priest hits you with a +0 flail.
You shoot an arrow.
The arrow closely misses the orc priest.
The arrow hits the orc!
You kill the orc!
The orc priest hits you with a +0 flail!
You die...

#.....#####.######...
#.....#..............
#.......#######.....#
####>.### #.....#
#.## #...... #.#
####### #.#####.#
#... #.......# #...
#@####### #.:.
#...).o# ####
#......). #......###
#......# #......#
....)..# ....#####


You could see an orc priest.

Vanquished Creatures
  Natasha (twice) (D:2)
  An orc wizard (D:3)
  3 adders
  2 dart slugs (D:1)
  A ribbon worm (D:3)
  7 orcs (D:3)
  6 ball pythons
  4 endoplasms
  3 giant cockroaches
  6 goblins
  4 hobgoblins
  4 jackals (D:1)
  4 quokkas
  8 bats
  2 frilled lizards
  8 kobolds
  5 rats
70 creatures vanquished.

Notes
Turn   | Place    | Note
-------+----------+-------------------------------------------
     0 | D:1      | qw the Deep Elf Hunter began the quest for the Orb.
     0 | D:1      | Reached XP level 1. HP: 12/12 MP: 3/3
     0 | D:1      | 0 ||| qw: Version: 0.3-a-157-g843a77d
     0 | D:1      | 0 ||| qw: Game counter: 3607
     0 | D:1      | 0 ||| qw: Melee chars always use a shield: true
     0 | D:1      | 0 ||| qw: God list: Okawaru
     0 | D:1      | 0 ||| qw: Allow faded altars: false
     0 | D:1      | 0 ||| qw: Do Orc after clearing Dungeon:15 true
     0 | D:1      | 0 ||| qw: Do second Lair branch before Depths: true
     0 | D:1      | 0 ||| qw: Lair rune preference: random
     0 | D:1      | 0 ||| qw: Goals: Normal
     0 | D:1      | 0 ||| PLANNING D:1-11
    83 | D:1      | Reached skill level 6 in Ranged Weapons
    83 | D:1      | Reached XP level 2. HP: 15/16 MP: 4/4
   358 | D:1      | Found a faded altar of an unknown god.
   369 | D:1      | Reached XP level 3. HP: 19/20 MP: 5/5
   433 | D:1      | 433 ||| READING scroll labelled TAONICZUELE.
   436 | D:1      | 436 ||| DROPPING scroll of butterflies.
   637 | D:2      | Reached skill level 7 in Ranged Weapons
   932 | D:2      | Identified the +2 cloak "Sistias" {rPois rCorr Str+2}
   966 | D:2      | Noticed Natasha
   971 | D:2      | Killed Natasha
   972 | D:2      | Reached XP level 4. HP: 25/25 MP: 6/6
   975 | D:2      | Identified the +7 dagger "Nolonut" {drain, rElec}
  1003 | D:2      | Noticed Natasha
  1006 | D:2      | Killed Natasha
  1007 | D:2      | Reached skill level 8 in Ranged Weapons
  1162 | D:2      | 1162 ||| UPGRADING to +2 cloak "Sistias" {rPois rCorr
                  | Str+2}.
  1167 | D:2      | 1167 ||| DRINKING 2 lumpy cyan potions.
  1168 | D:2      | 1168 ||| DRINKING 3 fizzy brown potions.
  1205 | D:2      | 1205 ||| DRINKING 2 fuming red potions.
  1206 | D:2      | 1206 ||| DRINKING 2 sedimented black potions.
  1206 | D:2      | Gained mutation: You are vulnerable to cold. (rC-) [potion
                  | of mutation]
  1207 | D:2      | 1207 ||| DRINKING potion of mutation.
  1207 | D:2      | Lost mutation: You are vulnerable to cold. (rC-) [potion of
                  | mutation]
  1207 | D:2      | Gained mutation: You expend magic power (3 MP) to
                  | strengthen your wands. [potion of mutation]
  1207 | D:2      | Gained mutation: You possess an exceptional clarity of
                  | mind. [potion of mutation]
  1208 | D:2      | 1208 ||| DROPPING 2 potions of lignification.
  1209 | D:2      | 1209 ||| DROPPING potion of brilliance.
  1309 | D:3      | Found a shimmering altar of Xom.
  1327 | D:3      | Found a sacrificial altar of Ru.
  1376 | D:3      | Reached skill level 3 in Dodging
  1376 | D:3      | Reached XP level 5. HP: 28/29 MP: 7/7
  1716 | D:3      | HP: 6/29 [orc priest/+0 flail (5)]
  1722 | D:3      | HP: 6/29 [orc priest/+0 flail (2)]
  1725 | D:3      | Slain by an orc priest

Levels and vault maps discovered:
D:1:      spicycebolla_arrival_xxxplode, layout_rooms, basic_ecumenical_altar
D:2:      layout_basic, uniq_natasha
D:3:      layout_basic, xom_teletrap_fun, nicolae_ru_awakened_eye

Skill      XL: |  1  2  3  4 |
---------------+-------------+-----
Ranged Weapons | 6 7 8 |  8.6
Dodging        | 3 |  3.1
Fighting       | |  1.5
Stealth        | |  1.2

Action                     |  1- 3 |  4- 6 || total
---------------------------+-------+-------++-------
   Fire: Shortbow          |   109 |    87 ||   196
    Use: Scroll            |     1 |       ||     1
         Potion            |       |     5 ||     5
 Armour: Leather armour    |    14 |    24 ||    38
  Dodge: Dodged            |    21 |    20 ||    41

Table legend:
 A = Non-vault XP
 B = Vault XP
 C = Vault XP percentage of total XP
 D = Non-vault monster count
 E = Vault monster count
 F = Vault count percentage of total count
                 A         B        C        D         E       F
            +---------+---------+-------+---------+---------+-------
      Total |     233 |      36 |  13.4 |      69 |       1 |   1.4
            +---------+---------+-------+---------+---------+-------
        D:1 |      52 |       0 |   0.0 |      28 |       0 |   0.0
        D:2 |      76 |      36 |  32.1 |      18 |       1 |   5.3
        D:3 |     105 |       0 |   0.0 |      23 |       0 |   0.0
            +---------+---------+-------+---------+---------+-------
